 Dungeon Crawl Stone Soup version 0.25.1-2-g60ff931df9 (webtiles) character file.

Game seed: 16539368306119490705

23336 hawla the Carver (level 12, -12/107 HPs)
             Began as a Minotaur Fighter on Oct 22, 2020.
             Was an Initiate of Gozag.
             Mangled by a sun demon (14 damage)
             ... on level 2 of the Abyss on Oct 23, 2020.
             The game lasted 00:53:17 (12793 turns).

hawla the Carver (Minotaur Fighter)                Turns: 12793, Time: 00:53:17

Health: -12/107    AC: 17    Str: 25      XL:     12   Next: 70%
Magic:  12/12      EV: 17    Int:  3 (6)  God:    Gozag
Gold:   1050       SH:  0    Dex: 10      Spells: 11/11 levels left

rFire    + + .     SeeInvis .   k - +1 long sword (drain)
rCold    + + +     Gourm    .   (no shield)
rNeg     . . .     Faith    .   S - +0 chain mail {rC+}
rPois    +         Spirit   .   (helmet unavailable)
rElec    +         Reflect  .   t - +2 cloak {rC+}
rCorr    +         Harm     .   (no gloves)
MR       .....     Clarity  +   v - +0 pair of boots
Stlth    ..........             x - amulet of regeneration
HPRegen  0.67/turn              q - ring of protection from fire
MPRegen  0.13/turn              m - +4 ring of evasion

@: about to teleport, resistant, very slightly contaminated, hasted, very quick
A: retaliatory headbutt, horns 3, clarity, low mp 1
a: Potion Petition, Call Merchant, Bribe Branch, Renounce Religion


You were on level 2 of the Abyss.
You worshipped Gozag.
Gozag was most pleased with you.
You were full.

You visited 2 branches of the dungeon, and saw 12 of its levels.
You visited the Abyss 1 time.
You also visited: Ice Cave.

You collected 2951 gold pieces.
You spent 1809 gold pieces at shops.
You paid 92 gold pieces to Gozag.

Inventory:

Hand Weapons
 j - a +6 scimitar of flaming
 k - a +1 long sword of draining (weapon)
 I - the +5 dagger of the Egg {vorpal, rN+}
   (You took it off an orc on level 7 of the Dungeon)

   It inflicts extra damage upon your enemies.
   It protects you from negative energy.
Missiles
 p - 28 poisoned darts
 u - 6 javelins
 F - 3 boomerangs (quivered)
Armour
 a - the +4 Cigotuvi's embrace {rRot *Drain rN+}
   (You found it on level 8 of the Dungeon)

   It protects you from negative energy.
   It causes draining when unequipped.
 t - a +2 cloak of cold resistance (worn)
 v - a +0 pair of boots (worn)
 w - a +1 cloak
 A - a +2 cloak of cold resistance
 L - a +2 tower shield of cold resistance
 M - the +2 robe "Muivarr" {MR+ rCorr Dex+3}
   (You bought it in a shop on level 4 of the Dungeon)

   It affects your dexterity (+3).
   It affects your resistance to hostile enchantments.
   It provides partial protection from all sources of acid and corrosion.
 N - the +6 leather armour "Huurph" {rF+}
   (You bought it in a shop on level 4 of the Dungeon)

   It protects you from fire.
 O - a +2 plate armour of poison resistance
 S - a +0 chain mail of cold resistance (worn)
Jewellery
 d - an uncursed ring of resist corrosion
 e - an uncursed ring of flight
 m - a +4 ring of evasion (right hand)
 q - a ring of protection from fire (left hand)
 x - an amulet of regeneration (around neck)
 y - an uncursed ring of fire
 D - an uncursed ring of poison resistance
 P - an uncursed ring of protection from fire
Wands
 s - a wand of enslavement (12)
 B - a wand of paralysis (7)
 E - a wand of flame (17)
 H - a wand of clouds (8)
Scrolls
 h - 4 scrolls of remove curse
 C - 3 scrolls of identify
 Q - a scroll of acquirement
 T - a scroll of teleportation
Potions
 b - 3 potions of might
 c - 3 potions of flight
 g - a potion of haste
 l - a potion of curing
 n - a potion of stabbing
 z - a potion of magic
Miscellaneous
 R - a tin of tremorstones (3/3)
Comestibles
 f - 13 rations


   Skills:
 + Level 10.5 Fighting
 + Level 8.7(11.2) Short Blades
 + Level 12.3(13.4) Long Blades
 + Level 3.5 Throwing
 + Level 11.0 Armour
 * Level 11.0 Dodging
 - Level 3.0 Stealth
 - Level 3.6 Shields
 * Level 4.3 Evocations


You had 11 spell levels left.
You didn't know any spells.
Your spell library was empty.

Dungeon Overview and Level Annotations

Branches:
Dungeon (11/15)            Temple (1/1) D:4            Lair (0/6) D:9
    Orc (0/2) D:10          IceCv (visited)

Altars:
Ashenzari
Cheibriados
Dithmenos
Elyvilon
Fedhas
Gozag
Hepliaklqana
Kikubaaqudgha
Makhleb
Nemelex Xobeh
Okawaru
Ru
Trog
Uskayaw
Vehumet
Wu Jian
Xom
Yredelemnul

Shops:
D:4 :[

Annotations:
D:11 Sonja


Innate Abilities, Weirdness & Mutations

You reflexively headbutt those who attack you in melee.
You have a pair of large horns on your head.
You possess an exceptional clarity of mind.
Your magical capacity is low. (-10% MP)


Message History

The raiju bursts into living lightning!
The living lightning hits the raiju.
The raiju completely resists.
The living lightning hits the raiju.
The raiju completely resists.
The living lightning hits the sun demon.
The sun demon resists.
The living lightning misses you.
The raiju blinks! x4
The raiju bursts into living lightning!
The living lightning misses the sun demon.
The living lightning hits you. You resist.
* * * LOW HITPOINT WARNING * * *
The living lightning hits you. You resist.
* * * LOW HITPOINT WARNING * * *
The living lightning hits the sun demon.
The sun demon resists.
The raiju blinks! x4; The sun demon hits you!
* * * LOW HITPOINT WARNING * * *
You are engulfed in flames.
You resist.
* * * LOW HITPOINT WARNING * * *
Unknown command.
The sun demon hits you!
You die...
Your body crumbles into a pile of gold.

# .##.X..#
.#.ยง## .
. # #$$##
. . # #$#
.# # # #h#
.# ####$.
.# # .hh#$
..#
#3#.....#.
#@##.....#
##..# ##.#
.# # .# #
##


You could see a sun demon and 3 raiju.

Vanquished Creatures
  A frost giant (IceCv)
  Harold (D:8)
  Erica (D:8)
  2 two-headed ogres
  3 large abominations (Abyss:2)
  A sixfirhy (Abyss:2)
  2 unseen horrors
  An ice statue (IceCv)
  Maurice (D:8)
  2 orange demons (Abyss:2)
  Psyche (D:9)
  A gargoyle (D:11)
  A merfolk (D:9)
  14 polar bears (IceCv)
  5 blink frogs (Abyss:2)
  A hippogriff (D:9)
  A shadow (D:11)
  A ynoxinul (Abyss:2)
  Sigmund (D:3)
  2 fire bats (D:4)
  14 yaks
  A wraith (D:10)
  Grum (D:9)
  2 hungry ghosts
  A neqoxec (Abyss:2)
  Edmund (D:6)
  A warg (D:10)
  The ghost of galacticnek0 the Gusty, an amateur TeAE of Qazlal (D:5)
  2 water moccasins
  7 orc warriors
  7 ice beasts
  2 necrophages
  The ghost of coolio the Covered, an amateur DsFi (D:3)
  2 ogres
  2 phantoms
  13 wolves
  6 centaurs
  A big kobold (D:9)
  3 bullfrogs
  2 gnoll sergeants
  A wyvern zombie (D:10)
  A scorpion (D:9)
  14 killer bees
  2 howler monkeys
  6 wights
  4 crimson imps
  2 bullfrog zombies
  2 centaur zombies
  5 orc priests
  A gnoll shaman (D:9)
  A centaur skeleton (D:6)
  2 hounds
  3 jellies
  13 orc wizards
  A bullfrog skeleton (D:8)
  An iron imp (Abyss:2)
  9 worker ants
  4 iguanas
  A hound skeleton (D:7)
  28 gnolls
  10 adders
  13 white imps
  An ufetubus (Abyss:2)
  An ooze (D:2)
  2 adder zombies
  An adder skeleton (D:5)
  2 worms
  2 dart slugs
  6 leopard geckos
  42 orcs
  8 giant cockroaches
  6 hobgoblins
  19 jackals
  7 kobolds
  10 quokkas
  2 ball pythons (D:1)
  8 bats
  5 frilled lizards
  9 goblins
  8 rats
376 creatures vanquished.

Vanquished Creatures (others)
  6 fungi (D:5)
  4 starspawn tentacles (Abyss:2)
10 creatures vanquished.

Grand Total: 386 creatures vanquished

Notes
Turn   | Place    | Note
-------+----------+-------------------------------------------
     0 | D:1      | hawla the Minotaur Fighter began the quest for the Orb.
     0 | D:1      | Reached XP level 1. HP: 19/19 MP: 0/0
   164 | D:1      | Reached XP level 2. HP: 23/27 MP: 1/1
   190 | D:1      | Gained mutation: You evolve. [potion of mutation]
   190 | D:1      | Gained mutation: Scrolls take you a little longer to read.
                  | [potion of mutation]
   190 | D:1      | Gained mutation: You are dopey. (Int -2) [potion of
                  | mutation]
   190 | D:1      | Gained mutation: You possess an exceptional clarity of
                  | mind. [potion of mutation]
   449 | D:1      | Reached XP level 3. HP: 33/33 MP: 2/2
   452 | D:1      | Reached skill level 1 in Stealth
   499 | D:1      | Reached skill level 1 in Dodging
   915 | D:2      | Reached skill level 3 in Long Blades
   998 | D:2      | Reached XP level 4. HP: 30/40 MP: 3/3
  1085 | D:2      | Gained mutation: You are resistant to hostile enchantments.
                  | (MR+) [evolution]
  1414 | D:2      | Reached XP level 5. HP: 37/46 MP: 4/4
  2082 | D:3      | Reached skill level 4 in Long Blades
  2395 | D:3      | Found a runed translucent door.
  2395 | D:3      | Noticed coolio's ghost (amateur DsFi)
  2417 | D:3      | Noticed Sigmund
  2434 | D:3      | Killed Sigmund
  2434 | D:3      | Reached skill level 5 in Armour
  2434 | D:3      | Reached XP level 6. HP: 20/53 MP: 5/5
  2885 | D:4      | Reached skill level 5 in Long Blades
  2986 | D:4      | Found a transporter.
  3018 | D:4      | Found Lanib's Armour Boutique.
  3021 | D:4      | Bought a +0 leather armour for 28 gold pieces
  3021 | D:4      | Bought a cursed -1 pair of boots for 1 gold piece
  3074 | D:4      | Found a staircase to the Ecumenical Temple.
  3096 | Temple   | Entered the Ecumenical Temple
  3122 | Temple   | Became a worshipper of Gozag Ym Sagoz the Greedy
  3234 | D:4      | Found a transporter.
  3238 | D:4      | Reached XP level 7. HP: 57/60 MP: 6/6
  3380 | D:4      | Found Dythreidall's Book Shop.
  3447 | D:4      | Lost mutation: You evolve. [evolution]
  3623 | D:4      | Bought a +0 pair of boots for 63 gold pieces
  3623 | D:4      | Bought a +0 cloak for 63 gold pieces
  3643 | D:5      | Entered Level 5 of the Dungeon
  3681 | D:4      | Reached skill level 1 in Short Blades
  3747 | D:5      | Reached skill level 5 in Fighting
  4020 | D:5      | Reached skill level 1 in Throwing
  4020 | D:5      | Reached skill level 5 in Dodging
  4084 | D:5      | Reached XP level 8. HP: 68/68 MP: 7/7
  4107 | D:5      | Reached skill level 6 in Long Blades
  4210 | D:5      | Found a runed translucent door.
  4645 | D:5      | Found a shadowy altar of Dithmenos.
  4941 | D:5      | Noticed galacticnek0's ghost (amateur TeAE)
  5027 | D:3      | Killed coolio's ghost
  5136 | D:3      | Killed an unseen horror
  5136 | D:3      | Reached skill level 7 in Long Blades
  5279 | D:4      | Reached XP level 9. HP: 55/75 MP: 8/8
  5304 | D:4      | Reached skill level 8 in Long Blades
  5877 | D:6      | Noticed Edmund
  5896 | D:6      | Killed Edmund
  5896 | D:6      | Reached skill level 9 in Long Blades
  6000 | D:6      | Found a white marble altar of Elyvilon.
  6175 | D:7      | Lost mutation: You are resistant to hostile enchantments.
                  | (MR+) [potion of mutation]
  6175 | D:7      | Lost mutation: You are dopey. (Int -2) [potion of mutation]
  6175 | D:7      | Lost mutation: Scrolls take you a little longer to read.
                  | [potion of mutation]
  6175 | D:7      | Gained mutation: You have a pair of large horns on your
                  | head. [potion of mutation]
  6260 | D:7      | Found a burning altar of Makhleb.
  6588 | D:7      | Reached skill level 10 in Long Blades
  6638 | D:7      | Identified the +5 dagger of the Egg {vorpal, rN+}
  6660 | D:7      | Reached XP level 10. HP: 58/86 MP: 9/9
  7226 | D:8      | Noticed Erica
  7252 | D:8      | Killed Erica
  7395 | D:8      | Reached skill level 5 in Short Blades
  7439 | D:8      | Noticed Maurice
  7445 | D:8      | Killed Maurice
  7525 | D:8      | Found the +4 Cigotuvi's embrace {rRot *Drain rN+}
  7601 | D:8      | Noticed Harold
  7611 | D:8      | Killed Harold
  8214 | D:5      | Killed galacticnek0's ghost
  8431 | D:9      | Noticed Grum
  8460 | D:9      | Killed Grum
  8509 | D:9      | Found an ancient bone altar of Kikubaaqudgha.
  8517 | D:9      | Reached skill level 11 in Long Blades
  8577 | D:9      | Noticed a two-headed ogre
  8582 | D:9      | Reached XP level 11. HP: 87/94 MP: 10/10
  8673 | D:9      | Killed a two-headed ogre
  9284 | D:9      | Found a staircase to the Lair.
  9315 | D:9      | Noticed Psyche
  9327 | D:9      | Killed Psyche
  9556 | D:4      | Bought the +2 robe "Muivarr" {MR+ rCorr Dex+3} for 492 gold
                  | pieces
  9556 | D:4      | Bought the +6 leather armour "Huurph" {rF+} for 644 gold
                  | pieces
  9556 | D:4      | Bought a +2 plate armour of poison resistance for 518 gold
                  | pieces
  9659 | D:10     | Entered Level 10 of the Dungeon
  9659 | D:10     | Found a bloodstained altar of Trog.
  9716 | D:10     | Noticed a two-headed ogre
  9724 | D:10     | Killed a two-headed ogre
  9891 | D:10     | Found a staircase to the Orcish Mines.
 10447 | D:10     | Reached skill level 10 in Dodging
 10509 | D:11     | Killed an unseen horror
 10509 | D:11     | Reached skill level 1 in Evocations
 10755 | D:11     | Found a frozen archway.
 10767 | IceCv    | Entered an ice cave
 11303 | IceCv    | Reached XP level 12. HP: 81/106 MP: 12/12
 11446 | IceCv    | Reached skill level 10 in Armour
 11512 | IceCv    | Reached skill level 10 in Fighting
 11567 | IceCv    | Noticed a frost giant
 11592 | IceCv    | Killed a frost giant
 11592 | IceCv    | Reached skill level 12 in Long Blades
 12430 | D:11     | Noticed a four-headed hydra
 12432 | D:11     | Noticed Sonja
 12448 | D:11     | Cast into level 2 of the Abyss (Sonja)
 12682 | Abyss:2  | Gained mutation: Your magical capacity is low. (-10% MP) [a
                  | neqoxec]
 12778 | Abyss:2  | Noticed a tentacled starspawn
 12791 | Abyss:2  | Identified 2 scrolls of acquirement
 12791 | Abyss:2  | Acquired a +7 quick blade
 12791 | Abyss:2  | HP: 5/107 [sun demon (8)]
 12791 | Abyss:2  | HP: 1/107 [sun demon (4)]
 12793 | Abyss:2  | Mangled by a sun demon

Illustrated notes

Levels and vault maps discovered:
D:1:      psy_arrival_conway, layout_basic, hangedman_feature_mirror
D:2:      minmay_chambers_of_twos, layout_rooms, first_ration,
          minmay_pentomino_o2
D:3:      layout_basic, ebering_ghost_inner_flame, uniq_sigmund
D:4:      gammafunk_cloud_chamber, layout_loops_cross, temple_pool_b,
          serial_shops, nicolae_shop_statue_plus, shop,
          nicolae_shop_window_shopping, shop, corexii_hall_statues_l
D:5:      layout_basic, serial_aquarium, aquarium_bridge_straight
          [aquarium_subvault_bridge, aquarium_subvault_balcony,
          aquarium_subvault_bridge, aquarium_subvault_window],
          aquarium_window_3, aquarium_window_1, aquarium_view_2d,
          aquarium_view_2d, ebering_ghost_reflecting_pool,
          grunt_dithmenos_smoke_and_mirrors
D:6:      layout_loops_ring, elyvilon_altar_3, uniq_edmund
D:7:      minmay_recursive_quarters, layout_loops_ring,
          makhleb_blood_cavern_becter
D:8:      layout_loops_cross, uniq_maurice, uniq_harold, uniq_erica
D:9:      layout_long_grid, lemuel_doored_altar, lair_entry_dummy,
          hangedman_fish_farm, uniq_grum, uniq_psyche
D:10:     layout_cave_pools, david_orc_3, bloody_trog
D:11:     kennysheep_six_static_rooms, layout_long_grid, serial_shops,
          kennysheep_mini, serial_co_window_serial, co_window_paths_a,
          co_window_of_opportunity_a, co_window_of_opportunity_a,
          co_window_paths_a, co_window_paths_b, co_window_of_opportunity_a,
          co_window_broadway_a, co_window_corner_cb, co_window_of_opportunity_b,
          co_window_2corner, glass_columns_a, glass_columns_c, glass_columns_b,
          portal_ice_cave_entry_imps, uniq_sonja
Temple:   nicolae_temple_the_god_donut
Abyss:2:  base: D:7, base:
Gauntlet

Skill      XL: |  1  2  3  4  5  6  7  8  9 10 11 12 |
---------------+-------------------------------------+-----
Armour         | 4 5 6 7 8 9 11 | 11.0
Fighting       | 4 5 6 7 8 9 10 | 10.5
Stealth        | 1 2 3 |  3.0
Dodging        | 1 3 5 6 7 9 10 11 | 11.0
Long Blades    | 3 4 5 7 10 11 12 | 12.3
Short Blades   | 2 3 6 8 |  8.7
Throwing       | 1 2 3 |  3.5
Evocations     | 2 4 |  4.3
Shields        | |  3.6

Action                   |  1- 3 |  4- 6 |  7- 9 | 10-12 || total
-------------------------+-------+-------+-------+-------++-------
Melee: Long sword        |    77 |    49 |   177 |   117 ||   420
       Headbutt          |     7 |    16 |    51 |   170 ||   244
       Dagger            |       |    55 |    43 |   540 ||   638
       Rapier            |       |       |    50 |       ||    50
       Scimitar          |       |       |       |   117 ||   117
Throw: Dart              |       |     2 |     2 |     1 ||     5
       Javelin           |       |       |     7 |     3 ||    10
       Boomerang         |       |       |       |    34 ||    34
 Abil: Evoke Flight      |       |       |       |     3 ||     3
       Stop Flying       |       |       |       |     1 ||     1
  Use: Potion            |     2 |     2 |     3 |    14 ||    21
       Scroll            |     2 |     5 |     4 |    16 ||    27
 Stab: Sleeping          |       |     3 |     2 |     1 ||     6
       Distracted        |       |       |     2 |     4 ||     6
  Eat: Chunk             |       |     7 |     1 |       ||     8
       Ration            |       |       |     4 |     8 ||    12
Armor: Scale mail        |    56 |     2 |       |    31 ||    89
       Robe              |       |     6 |    14 |       ||    20
       Skin              |       |     4 |     2 |     8 ||    14
       Plate armour      |       |       |    44 |       ||    44
       Ring mail         |       |       |    13 |    15 ||    28
       Leather armour    |       |       |    10 |       ||    10
       Chain mail        |       |       |       |   196 ||   196
Dodge: Dodged            |    67 |    75 |   189 |   475 ||   806
       Rpst.: Long sword |    18 |     9 |    29 |    30 ||    86
       Scimitar          |       |       |       |    15 ||    15
